 Dungeon Crawl Stone Soup version 0.31-a0-221-gbddc013574 (webtiles) character file.

Game seed: 682033915022335476

163 qw the Shooter (level 5, 0/31 HPs)
             Began as a Gargoyle Hexslinger on July 3, 2023.
             Slain by Pikel
             ... wielding a +0 whip of freezing
              (1 damage)
             ... on level 4 of the Dungeon.
             The game lasted 00:00:57 (2588 turns).

qw the Shooter (Gargoyle Hexslinger)                Turns: 2588, Time: 00:00:58

Health: 0/31       AC: 10    Str: 11    XL:     5   Next: 44%
Magic:  6/6        EV: 12    Int: 14    God:
Gold:   77         SH:  0    Dex: 20    Spells: 5/6 levels left

rFire   . . .        Y - +1 sling
rCold   . . .        (no shield)
rNeg    + . .        i - +1 robe {Will+}
rPois   inf          k - +0 helmet
rElec   +            (no cloak)
rCorr   .            h - +0 pair of gloves
SInv    .            g - +0 pair of boots
Will    +....        (no amulet)
Stlth   ++           e - +6 ring of dexterity
HPRegen 0.25/turn    (no ring)
MPRegen 0.10/turn

%: no passive effects
@: no status effects
A: sickness immunity, AC +4, negative energy resistance 1, electricity
resistance, torment resistance 1, petrification resistance
a: no special abilities


You were on level 4 of the Dungeon.
You visited 1 branch of the dungeon, and saw 4 of its levels.

You collected 166 gold pieces.
You spent 89 gold pieces at shops.


Innate Abilities, Weirdness & Mutations

You are immune to sickness and miasma.
Your stone body is resilient. (AC +4)
You are immune to poison.
You resist negative energy. (rN+)
You are resistant to electric shocks. (rElec)
You are resistant to unholy torment.
You are immune to petrification.


   Skills:
 + Level 2.5 Fighting
 - Level 5.0 Ranged Weapons
 - Level 1.5 Dodging
 - Level 1.0 Spellcasting
 - Level 2.6 Hexes


You had 5 spell levels left.
You knew the following spells:

 Your Spells              Type           Power      Damage    Failure   Level
a - Slow                  Hex            32%        N/A       9%          1

Your spell library contained the following spells:

 Spells                   Type           Power      Damage    Failure   Level
 Inner Flame              Hex/Fire       4%         N/A       41%         3
 Portal Projectile        Hex/Tloc       8%         N/A       41%         3
 Cause Fear               Hex            4%         N/A       65%         4

Inventory:

Hand Weapons
 Y - a +1 sling (weapon)
Armour
 b - a +0 ring mail
 g - a +0 pair of boots (worn)
 h - a +0 pair of gloves (worn)
 i - a +1 robe of willpower (worn)
 k - a +0 helmet (worn)
Jewellery
 e - a +6 ring of dexterity (left hand)
Scrolls
 a - a scroll of identify
Potions
 l - a potion of curing
 m - a potion of enlightenment
 o - a potion of haste {unknown}

Dungeon Overview and Level Annotations

Branches:
Dungeon (4/15)
 Temple: D:4-7

Altars:

Shops:
D:2 **

Annotations:
D:4 Pikel


Message History

The gnoll closely misses you.
The jackal bites you but does no damage.
You shoot a sling bullet. The sling bullet misses the jackal.
The sling bullet hits the gnoll.
The gnoll is heavily wounded.
The jackal bites you but does no damage.
A lemure comes into view.
The gnoll closely misses you. The jackal bites you.
The gnoll closely misses you.
You shoot a sling bullet. The lemure shouts!
The sling bullet hits the jackal.
The jackal is almost dead.
You hear a bark!
The jackal bites you but does no damage.
A lemure comes into view.
The gnoll hits you but does no damage.
You shoot a sling bullet. The sling bullet hits the jackal!
You kill the jackal!
The gnoll throws a throwing net.
The throwing net closely misses you.
You shoot a sling bullet. The sling bullet barely misses Pikel.
The sling bullet hits the gnoll.
The gnoll is almost dead.
The gnoll completely misses you.
Pikel hits you with a +0 whip of freezing.
Pikel freezes you.
A lemure comes into view.
You shoot a sling bullet. The sling bullet hits Pikel.
Pikel is lightly wounded.
The gnoll closely misses you. Pikel misses you.
You shoot a sling bullet. The sling bullet closely misses Pikel.
The sling bullet closely misses the gnoll.
The sling bullet hits the gnoll but does no damage.
Pikel barely misses you. The gnoll barely misses you.
You shoot a sling bullet. The sling bullet barely misses Pikel.
The sling bullet hits the gnoll but does no damage.
The gnoll is almost dead.
Pikel hits you with a +0 whip of freezing.
Pikel freezes you.
You die...

##################
#@)..........[...#
#K##############.#
.5g##############.#
...Kg.............>.#
###5##########.....)..
#. #.#...... #.
#.#.##)## # #.#.#...)
#)#.#..##


You could see Pikel, 2 lemures, 2 gnolls and a kobold.

Vanquished Creatures
  A lemure (D:4)
  A hound (D:3)
  An orc wizard (D:4)
  3 gnolls
  2 adders (D:4)
  2 dart slugs (D:1)
  2 orcs (D:4)
  4 ball pythons
  4 endoplasms
  A giant cockroach (D:2)
  10 goblins
  6 hobgoblins
  A jackal (D:4)
  5 kobolds
  2 quokkas
  3 bats
  8 frilled lizards
  2 rats (D:1)
58 creatures vanquished.

Notes
Turn   | Place    | Note
-------+----------+-------------------------------------------
     0 | D:1      | qw the Gargoyle Hexslinger began the quest for the Orb.
     0 | D:1      | Reached XP level 1. HP: 12/12 MP: 2/2
     0 | D:1      | 0 ||| qw: Version: 0.3-a-40-ge99b1a8
     0 | D:1      | 0 ||| qw: Game counter: 534
     0 | D:1      | 0 ||| qw: Melee chars always use a shield: true
     0 | D:1      | 0 ||| qw: God list: Okawaru
     0 | D:1      | 0 ||| qw: Allow faded altars: false
     0 | D:1      | 0 ||| qw: Do Orc after clearing Dungeon:15 true
     0 | D:1      | 0 ||| qw: Do second Lair branch before Depths: true
     0 | D:1      | 0 ||| qw: Lair rune preference: random
     0 | D:1      | 0 ||| qw: Goals: Normal
     0 | D:1      | 0 ||| PLANNING D:1-11
    69 | D:1      | Reached XP level 2. HP: 16/16 MP: 3/3
   174 | D:1      | Reached skill level 3 in Ranged Weapons
   326 | D:1      | Reached XP level 3. HP: 21/21 MP: 4/4
   688 | D:1      | 688 ||| READING 3 scrolls labelled XERO ABUIR.
   689 | D:1      | 689 ||| READING scroll labelled UTAASI KOGRA.
   690 | D:1      | 690 ||| READING 2 scrolls labelled TIMUUPP RAUC.
   691 | D:1      | 691 ||| READING 2 scrolls labelled HOCOOS ZECUY.
   692 | D:1      | 692 ||| READING scroll labelled QAIL KOADIPI.
   693 | D:1      | 693 ||| DRINKING 2 cyan potions.
   694 | D:1      | 694 ||| DROPPING scroll of poison.
   695 | D:1      | 695 ||| DROPPING scroll of blinking.
   696 | D:1      | 696 ||| DROPPING scroll of noise.
  1273 | D:2      | Found Puprus's General Store.
  1279 | D:2      | 1279 ||| BUYING potion of enlightenment (70 gold).
  1279 | D:2      | Bought a potion of enlightenment for 70 gold pieces
  1279 | D:2      | 1279 ||| SHOPLISTING scroll of enchant armour (105 gold,
                  | have 27).
  1279 | D:2      | 1279 ||| SHOPLISTING scroll of identify (28 gold, have 27).
  1289 | D:2      | Found Kuxe Kae's Assorted Antiques.
  1387 | D:2      | 1387 ||| BUYING bubbling ruby potion (19 gold).
  1387 | D:2      | Bought a bubbling ruby potion for 19 gold pieces
  1387 | D:2      | 1387 ||| SHOPLISTING potion of enlightenment (110 gold,
                  | have 18).
  1387 | D:2      | 1387 ||| SHOPLISTING runed wooden ring (110 gold, have 18).
  1387 | D:2      | 1387 ||| SHOPLISTING scroll labelled ATTOAJ HEUXEI (22
                  | gold, have 18).
  1387 | D:2      | 1387 ||| SHOPLISTING scroll labelled RUCRIUDA NURAUK (22
                  | gold, have 18).
  1387 | D:2      | 1387 ||| SHOPLISTING scroll of identify (44 gold, have 18).
  1760 | D:2      | 1760 ||| UPGRADING to +0 ring mail.
  1770 | D:2      | 1770 ||| DROPPING +0 robe.
  1771 | D:2      | 1771 ||| UPGRADING to +0 pair of boots.
  1776 | D:2      | 1776 ||| UPGRADING to +0 pair of gloves.
  1781 | D:2      | 1781 ||| UPGRADING to +1 robe of willpower.
  1791 | D:2      | 1791 ||| UPGRADING to +0 helmet.
  1796 | D:2      | 1796 ||| UPGRADING to +6 ring of dexterity.
  1797 | D:2      | 1797 ||| READING scroll labelled FUZEICV ASMAYC.
  1798 | D:2      | 1798 ||| READING 3 scrolls of identify.
  1798 | D:2      | 1798 ||| IDENTIFYING gluggy blue potion
  1799 | D:2      | 1799 ||| READING 2 scrolls of identify.
  1799 | D:2      | 1799 ||| IDENTIFYING inky potion
  1800 | D:2      | 1800 ||| DROPPING potion of degeneration.
  1801 | D:2      | 1801 ||| DROPPING potion of brilliance.
  1886 | D:3      | Reached XP level 4. HP: 26/26 MP: 5/5
  2044 | D:3      | Reached skill level 4 in Ranged Weapons
  2423 | D:3      | 2423 ||| READING scroll labelled HESEWE SILIUC.
  2426 | D:3      | 2426 ||| READING 2 scrolls of identify.
  2426 | D:3      | 2426 ||| IDENTIFYING fizzy red potion
  2485 | D:4      | Reached XP level 5. HP: 30/30 MP: 6/6
  2494 | D:4      | Reached skill level 5 in Ranged Weapons
  2529 | D:4      | Noticed a lemure
  2545 | D:4      | Killed a lemure
  2571 | D:4      | Noticed Pikel
  2572 | D:4      | HP: 5/30 [gnoll/+0 halberd (7)]
  2573 | D:4      | 2573 ||| DRINKING potion of heal wounds.
  2582 | D:4      | Noticed a lemure
  2582 | D:4      | HP: 7/31 [jackal (3)]
  2583 | D:4      | Noticed a lemure
  2585 | D:4      | HP: 2/31 [Pikel/+0 whip of freezing (2)]
  2585 | D:4      | Noticed a lemure
  2588 | D:4      | Slain by Pikel

Levels and vault maps discovered:
D:1:      dpeg_arrival_rhombus, layout_basic
D:2:      kennysheep_big_flooded_room, layout_loops_corners, serial_shops,
          nicolae_shop_tiny_waterfront, shop, chequers_serial_rivers_room_b
D:3:      layout_loops_ring, roderic_filled_cross,
          nicolae_elevator_lobby_asterisk
D:4:      layout_basic, pdpol_wu_jian_five_deadly_venoms, uniq_pikel

Skill      XL: |  1  2  3  4  5 |
---------------+----------------+-----
Ranged Weapons | 3 4 5 |  5.0
Fighting       | 2 |  2.5
Dodging        | |  1.5
Spellcasting   | |  1.0
Hexes          | |  2.6

Action                     |  1- 3 |  4- 6 || total
---------------------------+-------+-------++-------
   Fire: Sling             |    96 |    97 ||   193
    Use: Scroll            |     8 |     2 ||    10
         Potion            |     1 |     1 ||     2
 Armour: Robe              |     7 |    31 ||    38
  Dodge: Dodged            |    22 |    54 ||    76

Table legend:
 A = Non-vault XP
 B = Vault XP
 C = Vault XP percentage of total XP
 D = Non-vault monster count
 E = Vault monster count
 F = Vault count percentage of total count
                 A         B        C        D         E       F
            +---------+---------+-------+---------+---------+-------
      Total |     231 |       3 |   1.3 |      55 |       2 |   3.5
            +---------+---------+-------+---------+---------+-------
        D:1 |      62 |       0 |   0.0 |      26 |       0 |   0.0
        D:2 |      16 |       3 |  15.8 |      10 |       2 |  16.7
        D:3 |      57 |       0 |   0.0 |      10 |       0 |   0.0
        D:4 |      96 |       0 |   0.0 |       9 |       0 |   0.0
            +---------+---------+-------+---------+---------+-------
